General information
- name: BNet
- type: Ladder team game (AT/RT)
- host: Battle.net
- saver: Dignitates
map: DragonFalls
- players: 8
- length: 21:50
- speed: Fast
- version: 1.24 W3XP
- replay type: Public
» download(228 KB)
Players
team 1 (loser)
Oo0oO0oo0Oo0oO0 (
blue | 111 APM | 2415 actions | 21:41)
5 Mountain King
3 Storm Bolt
2 Bash
4 Paladin
2 Holy Light
2 Divine Shield
» actions
| Assign group hotkey | 369 | |
| Basic commands | 58 | |
| Build / train | 110 | |
| ESC pressed | 2 | |
| Enter build submenu | 25 | |
| Enter hero's abilities submenu | 9 | |
| Give item / drop item | 3 | |
| Right click | 613 | |
| Select / deselect | 292 | |
| Select group hotkey | 823 | |
| Use ability | 111 | |
2415 total
» units
| Peasant | 18 | |
| Footman | 12 | |
| Gryphon Rider | 10 | |
| Dragonhawk Rider | 4 | |
44 total
» upgrades
| Defend | 1 | |
| Lumber Harvesting | 2 | |
| Swords | 2 | |
| Armor | 2 | |
| Animal War Training | 1 | |
| Storm Hammers | 1 | |
9 total
» buildings
| Altar of Kings | 1 | |
| Farm | 8 | |
| Barracks | 1 | |
| Arcane Vault | 1 | |
| Town Hall | 2 | |
| Scout Tower | 4 | |
| Keep | 1 | |
| Lumber Mill | 1 | |
| Arcane Tower | 3 | |
| Blacksmith | 1 | |
| Castle | 1 | |
| Gryphon Aviary | 3 | |
| Guard Tower | 5 | |
32 total
» build order
00:07 Altar of Kings
00:14 Farm
00:20 Barracks
00:49 Farm
01:52 Farm
02:50 Farm
03:30 Arcane Vault
04:36 Town Hall
04:40 Scout Tower
05:57 Keep
06:09 Farm
06:12 Lumber Mill
06:18 Arcane Tower
06:48 Blacksmith
07:17 Farm
07:34 Scout Tower
08:32 Castle
08:34 Gryphon Aviary
08:41 Guard Tower
09:08 Gryphon Aviary
09:53 Gryphon Aviary
10:09 Farm
10:10 Farm
17:26 Town Hall
17:29 Scout Tower
17:31 Scout Tower
18:03 Guard Tower
18:04 Guard Tower
18:04 Guard Tower
18:05 Guard Tower
18:08 Arcane Tower
» items
| Scroll of Regeneration | 4 | |
| Lesser Clarity Potion | 6 | |
| Boots of Speed | 1 | |
| Potion of Lesser Invulnerability | 2 | |
| Staff of Sanctuary | 4 | |
| Scroll of Town Portal | 2 | |
| Potion of Mana | 1 | |
| Potion of Healing | 4 | |
| Scroll of Healing | 1 | |
| Scroll of Protection | 1 | |
26 total
Death_Kinq (
teal | 77 APM | 1674 actions | 21:45)
7 Archmage
2 Summon Water Elemental
2 Brilliance Aura
2 Blizzard
1 Mass Teleport
3 Blood Mage
2 Flame Strike
1 Siphon Mana
» actions
| Assign group hotkey | 77 | |
| Basic commands | 123 | |
| Build / train | 111 | |
| Enter build submenu | 21 | |
| Enter hero's abilities submenu | 10 | |
| Give item / drop item | 6 | |
| Right click | 640 | |
| Select / deselect | 358 | |
| Select group hotkey | 250 | |
| Use ability | 78 | |
1674 total
» units
| Peasant | 8 | |
| Rifleman | 5 | |
| Mortar Team | 7 | |
| Flying Machine | 42 | |
| Dryad | 5 | |
67 total
» upgrades
| Gunpowder | 3 | |
| Lumber Harvesting | 1 | |
| Armor | 3 | |
| Flak Cannons | 1 | |
| Flare | 1 | |
9 total
» buildings
| Altar of Kings | 1 | |
| Farm | 9 | |
| Blacksmith | 1 | |
| Barracks | 1 | |
| Scout Tower | 1 | |
| Arcane Tower | 2 | |
| Lumber Mill | 1 | |
| Keep | 1 | |
| Arcane Vault | 1 | |
| Workshop | 2 | |
| Castle | 1 | |
| Town Hall | 1 | |
22 total
» build order
00:18 Altar of Kings
00:20 Farm
00:28 Farm
00:33 Blacksmith
01:12 Barracks
01:39 Farm
01:44 Scout Tower
02:02 Farm
02:22 Arcane Tower
03:01 Lumber Mill
03:31 Keep
04:35 Arcane Vault
04:37 Farm
05:23 Farm
06:32 Workshop
06:35 Workshop
06:38 Farm
08:23 Farm
09:05 Farm
10:10 Castle
13:51 Town Hall
» items
| Scroll of Regeneration | 2 | |
| Scroll of Town Portal | 2 | |
| Potion of Healing | 3 | |
| Tome of Retraining | 2 | |
| Potion of Lesser Invulnerability | 1 | |
| Boots of Speed | 1 | |
| Lesser Clarity Potion | 1 | |
12 total

»
CHA[O]S (
orange | 75 APM | 1631 actions | 21:49)
7 Blademaster
3 Wind Walk
3 Critical Strike
1 Bladestorm
» actions
| Assign group hotkey | 24 | |
| Build / train | 73 | |
| Enter build submenu | 17 | |
| Enter hero's abilities submenu | 7 | |
| Give item / drop item | 2 | |
| Remove unit from queue | 4 | |
| Right click | 702 | |
| Select / deselect | 408 | |
| Select group hotkey | 302 | |
| Use ability | 92 | |
1631 total
» units
| Peon | 13 | |
| Grunt | 3 | |
| Wind Rider | 11 | |
| Troll Batrider | 16 | |
43 total
» upgrades
| Ranged Weapons | 2 | |
| Armor | 2 | |
| Envenomed Spears | 1 | |
5 total
» buildings
| Altar of Storms | 1 | |
| Orc Burrow | 7 | |
| Barracks | 1 | |
| Stronghold | 1 | |
| War Mill | 1 | |
| Voodoo Lounge | 1 | |
| Great Hall | 2 | |
| Beastiary | 3 | |
| Fortress | 1 | |
18 total
» build order
00:11 Altar of Storms
00:16 Orc Burrow
00:37 Barracks
01:33 Orc Burrow
03:00 Stronghold
03:19 War Mill
03:23 Orc Burrow
04:01 Voodoo Lounge
04:44 Great Hall
05:24 Beastiary
05:28 Beastiary
08:20 Great Hall
08:36 Orc Burrow
08:37 Orc Burrow
10:04 Fortress
10:57 Orc Burrow
13:17 Orc Burrow
17:03 Beastiary
» items
| Healing Salve | 3 | |
| Lesser Clarity Potion | 3 | |
| Potion of Lesser Invulnerability | 1 | |
| Scroll of Town Portal | 1 | |
| Orb of Lightning | 2 | |
| Potion of Healing | 1 | |
| Anti-magic Potion | 1 | |
12 total
hi_GL.HF.GG (
red | 101 APM | 2170 actions | 21:26)
5 Warden
3 Shadow Strike
2 Blink
3 Keeper of the Grove
1 Entangling Roots
2 Thorns Aura
» actions
| Assign group hotkey | 58 | |
| Basic commands | 120 | |
| Build / train | 94 | |
| ESC pressed | 5 | |
| Enter build submenu | 13 | |
| Enter hero's abilities submenu | 8 | |
| Give item / drop item | 3 | |
| Right click | 895 | |
| Select / deselect | 404 | |
| Select group hotkey | 470 | |
| Use ability | 100 | |
2170 total
» units
| Wisp | 22 | |
| Archer | 2 | |
| Dryad | 11 | |
| Druid of the Claw | 15 | |
50 total
» upgrades
| Druid of the Claw Training | 2 | |
| Reinforced Hides | 3 | |
| Mark of the Claw | 1 | |
6 total
» buildings
| Moon Well | 7 | |
| Altar of Elders | 1 | |
| Tree of Ages | 3 | |
| Ancient of War | 1 | |
| Hunter's Hall | 1 | |
| Ancient of Wonders | 1 | |
| Ancient of Lore | 2 | |
| Tree of Eternity | 2 | |
| Tree of Life | 1 | |
19 total
» build order
00:18 Moon Well
01:11 Altar of Elders
01:51 Moon Well
01:56 Tree of Ages
01:56 Tree of Ages
02:31 Ancient of War
02:47 Hunter's Hall
03:50 Ancient of Wonders
04:26 Ancient of Lore
04:28 Ancient of Lore
06:29 Moon Well
06:31 Moon Well
06:38 Tree of Eternity
06:38 Tree of Eternity
06:40 Moon Well
13:17 Moon Well
17:26 Tree of Life
18:37 Moon Well
» items
| Healing Salve | 1 | |
| Lesser Clarity Potion | 2 | |
| Scroll of Speed | 1 | |
| Scroll of Town Portal | 1 | |
| Potion of Mana | 1 | |
| Potion of Healing | 2 | |
| Orb of Venom | 2 | |
10 total
team 2 (winner)

»
Dignitates (
pink | 109 APM | 2383 actions | 21:50)
6 Archmage
3 Summon Water Elemental
2 Brilliance Aura
1 Mass Teleport
5 Mountain King
3 Storm Bolt
2 Bash
» actions
| Assign group hotkey | 29 | |
| Basic commands | 11 | |
| Build / train | 81 | |
| ESC pressed | 3 | |
| Enter build submenu | 25 | |
| Enter hero's abilities submenu | 12 | |
| Give item / drop item | 3 | |
| Right click | 783 | |
| Select / deselect | 726 | |
| Select group hotkey | 589 | |
| Use ability | 121 | |
2383 total
» units
| Peasant | 17 | |
| Footman | 6 | |
| Dragonhawk Rider | 9 | |
| Gryphon Rider | 9 | |
41 total
» upgrades
| Swords | 4 | |
| Storm Hammers | 1 | |
| Cloud | 1 | |
| Armor | 3 | |
| Animal War Training | 1 | |
10 total
» buildings
| Altar of Kings | 1 | |
| Barracks | 1 | |
| Farm | 10 | |
| Town Hall | 1 | |
| Lumber Mill | 1 | |
| Keep | 1 | |
| Blacksmith | 1 | |
| Scout Tower | 3 | |
| Gryphon Aviary | 3 | |
| Castle | 1 | |
| Arcane Vault | 1 | |
| Arcane Tower | 1 | |
25 total
» build order
00:07 Altar of Kings
00:19 Barracks
00:33 Farm
00:48 Farm
02:29 Farm
03:31 Town Hall
03:48 Lumber Mill
04:11 Keep
04:54 Blacksmith
04:56 Farm
05:20 Scout Tower
05:22 Scout Tower
05:23 Scout Tower
06:34 Gryphon Aviary
06:35 Castle
06:38 Arcane Vault
06:45 Farm
07:22 Gryphon Aviary
07:25 Gryphon Aviary
07:41 Arcane Tower
08:13 Farm
08:25 Farm
08:27 Farm
09:44 Farm
12:02 Farm
» items
| Scroll of Regeneration | 5 | |
| Potion of Healing | 3 | |
| Lesser Clarity Potion | 4 | |
| Scroll of Town Portal | 1 | |
| Staff of Sanctuary | 1 | |
14 total

»
rvns)uP2Date (
yellow | 75 APM | 1639 actions | 21:50)
6 Warden
3 Fan of Knives
2 Blink
1 Spirit of Vengeance
4 Keeper of the Grove
2 Entangling Roots
2 Thorns Aura
» actions
| Assign group hotkey | 81 | |
| Basic commands | 2 | |
| Build / train | 73 | |
| Enter build submenu | 14 | |
| Enter hero's abilities submenu | 10 | |
| Give item / drop item | 3 | |
| Right click | 684 | |
| Select / deselect | 377 | |
| Select group hotkey | 288 | |
| Use ability | 106 | |
1639 total
» units
» upgrades
| Reinforced Hides | 3 | |
| Strength of the Wild | 3 | |
| Abolish Magic | 1 | |
| Well Spring | 1 | |
| Nature's Blessing | 1 | |
9 total
» buildings
| Altar of Elders | 1 | |
| Moon Well | 7 | |
| Ancient of War | 1 | |
| Hunter's Hall | 1 | |
| Ancient Protector | 2 | |
| Tree of Ages | 1 | |
| Ancient of Wonders | 1 | |
| Ancient of Lore | 2 | |
| Tree of Eternity | 1 | |
17 total
» build order
00:40 Altar of Elders
00:45 Moon Well
01:58 Ancient of War
02:02 Hunter's Hall
02:06 Moon Well
02:12 Moon Well
03:09 Ancient Protector
03:57 Tree of Ages
05:15 Moon Well
05:23 Ancient of Wonders
06:53 Ancient of Lore
06:54 Ancient of Lore
08:12 Moon Well
08:13 Moon Well
09:51 Tree of Eternity
14:47 Moon Well
14:52 Ancient Protector
» items
| Circlet of Nobility | 1 | |
| Moonstone | 3 | |
| Scroll of Town Portal | 2 | |
| Potion of Healing | 1 | |
| Potion of Mana | 2 | |
| Lesser Clarity Potion | 2 | |
| Anti-magic Potion | 1 | |
| Potion of Lesser Invulnerability | 1 | |
| Orb of Venom | 1 | |
14 total
Kapitan_Orgazma (
green | 107 APM | 2332 actions | 21:50)
6 Mountain King
3 Storm Bolt
3 Bash
2 Paladin
1 Holy Light
1 Divine Shield
» actions
| Assign group hotkey | 39 | |
| Basic commands | 239 | |
| Build / train | 76 | |
| ESC pressed | 1 | |
| Enter build submenu | 23 | |
| Enter hero's abilities submenu | 8 | |
| Give item / drop item | 1 | |
| Remove unit from queue | 1 | |
| Right click | 730 | |
| Select / deselect | 320 | |
| Select group hotkey | 848 | |
| Use ability | 46 | |
2332 total
» units
| Peasant | 15 | |
| Rifleman | 20 | |
| Priest | 14 | |
49 total
» upgrades
| Gunpowder | 3 | |
| Armor | 3 | |
| Long Rifles | 1 | |
| Masonry | 3 | |
| Priest Training | 2 | |
12 total
» buildings
| Altar of Kings | 2 | |
| Farm | 9 | |
| Blacksmith | 1 | |
| Barracks | 1 | |
| Keep | 1 | |
| Arcane Vault | 1 | |
| Lumber Mill | 1 | |
| Arcane Sanctum | 1 | |
| Town Hall | 2 | |
| Scout Tower | 1 | |
| Guard Tower | 1 | |
| Castle | 1 | |
22 total
» build order
00:13 Altar of Kings
00:15 Farm
00:55 Blacksmith
01:23 Barracks
02:05 Farm
03:00 Farm
03:26 Keep
03:58 Farm
04:38 Arcane Vault
04:47 Lumber Mill
05:03 Farm
06:21 Arcane Sanctum
06:28 Farm
07:15 Farm
07:26 Town Hall
08:17 Farm
11:28 Altar of Kings
11:43 Scout Tower
12:49 Farm
12:53 Guard Tower
13:44 Town Hall
15:56 Castle
» items
gloomily (
purple | 87 APM | 1902 actions | 21:50)
5 Death Knight
3 Death Coil
2 Unholy Aura
3 Lich
2 Frost Nova
1 Dark Ritual
» actions
| Assign group hotkey | 79 | |
| Build / train | 84 | |
| Enter build submenu | 15 | |
| Enter hero's abilities submenu | 8 | |
| Give item / drop item | 4 | |
| Remove unit from queue | 4 | |
| Right click | 844 | |
| Select / deselect | 269 | |
| Select group hotkey | 529 | |
| Use ability | 66 | |
1902 total
» units
| Acolyte | 12 | |
| Ghoul | 4 | |
| Crypt Fiend | 18 | |
| Obsidian Statue | 6 | |
| Frost Wyrm | 4 | |
| Abomination | 5 | |
49 total
» upgrades
| Creature Attack | 3 | |
| Web | 1 | |
| Creature Carapace | 2 | |
| Destroyer Form | 1 | |
| Unholy Armor | 2 | |
9 total
» buildings
| Crypt | 1 | |
| Graveyard | 1 | |
| Altar of Darkness | 1 | |
| Ziggurat | 8 | |
| Tomb of Relics | 1 | |
| Nerubian Tower | 1 | |
| Necropolis | 1 | |
| Halls of the Dead | 1 | |
| Black Citadel | 1 | |
| Slaughterhouse | 1 | |
| Sacrificial Pit | 1 | |
| Boneyard | 1 | |
| Spirit Tower | 1 | |
20 total
» build order
00:08 Crypt
00:12 Graveyard
00:42 Altar of Darkness
00:58 Ziggurat
01:25 Tomb of Relics
01:55 Nerubian Tower
02:10 Ziggurat
03:34 Ziggurat
05:05 Necropolis
05:53 Halls of the Dead
06:31 Ziggurat
08:15 Black Citadel
08:23 Slaughterhouse
08:25 Sacrificial Pit
10:37 Boneyard
11:25 Spirit Tower
12:56 Ziggurat
12:57 Ziggurat
12:57 Ziggurat
12:59 Ziggurat
» items
| Rod of Necromancy | 2 | |
| Dust of Appearance | 1 | |
| Scroll of Town Portal | 2 | |
| Potion of Healing | 2 | |
| Orb of Corruption | 1 | |
8 total
Chat log
(00:12 / All) hi_GL.HF.GG: You're German right?
(00:22 / Allies) Kapitan_Orgazma: hi
(00:24 / All) Dignitates: who
(00:25 / All) Kapitan_Orgazma: yea
(00:27 / All) gloomily: mushula here.
(00:45 / Allies) Kapitan_Orgazma: mk rifls caster
(01:04 / All) hi_GL.HF.GG: He IIu3gu orgazmus
(01:05 / Allies) rvns)uP2Date: hu units?
(01:10 / All) Kapitan_Orgazma: sry
(01:19 / All) hi_GL.HF.GG: D
(01:20 / Allies) rvns)uP2Date: pink?!
(01:24 / Allies) Dignitates: whot
(01:28 / Allies) rvns)uP2Date: units? ...
(01:32 / Allies) Dignitates: uh
(01:37 / Allies) Dignitates: air
(01:38 / Allies) Dignitates: i thik
(01:41 / Allies) Kapitan_Orgazma: mk rifls caster
(01:50 / Allies) rvns)uP2Date: gogo FE?
(01:52 / Allies) Dignitates: y
(03:08 / Allies) gloomily:
(03:24 / Allies) gloomily:
(03:40 / Allies) rvns)uP2Date: y
(03:45 / Allies) rvns)uP2Date: i will do a defense here
(03:47 / Allies) rvns)uP2Date: for your exe
(03:48 / Allies) rvns)uP2Date: ;)
(03:53 / Allies) Dignitates: go tech
(04:51 / Allies) rvns)uP2Date: go attack?!
(05:57 / Allies) gloomily: thx.
(05:58 / Allies) gloomily: fags.
(06:11 / Allies) gloomily: lose more pls
(07:51 / Allies) Dignitates: wood pls
(08:47 / Allies) rvns)uP2Date: =)
(09:35 / Allies) gloomily: n1
(09:38 / Allies) gloomily: don't tp pls
(09:41 / Allies) gloomily: xD
(10:08 / Allies) rvns)uP2Date: well :c
(10:30 / Allies) Kapitan_Orgazma: all tp
(10:32 / Allies) gloomily: wood pls
(10:51 / Allies) Kapitan_Orgazma: all or lose
(11:12 / Allies) gloomily: I CANT STAND AGAINST 4
(11:20 / Allies) gloomily: omg.
(12:06 / Allies) gloomily: USE GRIPH
(12:20 / Allies) gloomily: USE
(12:32 / Allies) Dignitates: o
(12:36 / Allies) gloomily: rofl
(12:38 / Allies) rvns)uP2Date: ^^
(12:39 / Allies) Dignitates: :d
(13:41 / Allies) Dignitates: take
(14:17 / Allies) Kapitan_Orgazma: maibi all mett?
(14:28 / Allies) gloomily: i like mett
(16:18 / Allies) Dignitates: b
(16:25 / Allies) Dignitates: tp b
(17:14 / Allies) rvns)uP2Date: hmm
(17:16 / Allies) rvns)uP2Date: some tanks? :c
(17:22 / Allies) Kapitan_Orgazma: help def
(18:18 / Allies) Kapitan_Orgazma: so go agan
(18:52 / Allies) rvns)uP2Date: meet ?
(18:55 / Allies) Dignitates: eh?
(19:06 / Allies) Kapitan_Orgazma: all meet
(19:09 / Allies) rvns)uP2Date: buy a dragon ?
(19:14 / Allies) gloomily: against mass aa?
(19:16 / Allies) gloomily: stupid?
(19:18 / Allies) rvns)uP2Date: ^^
(19:22 / Allies) rvns)uP2Date: lol
(19:23 / Allies) rvns)uP2Date: xd
(19:28 / Allies) Kapitan_Orgazma: go kill mine
(21:23 / Allies) gloomily: well donme
(21:40 / All) Oo0oO0oo0Oo0oO0: 4on1 like always